 Dungeon Crawl Stone Soup version 0.22-a0-136-g83a10e5 (webtiles) character file.

144 nono the Changer (level 5, -3/25 HPs)
             Began as a Vine Stalker Transmuter on Feb 3, 2018.
             Slain by Grinder (4 damage)
             ... on level 4 of the Dungeon.
             The game lasted 00:05:48 (1428 turns).

nono the Changer (Vine Stalker Transmuter)          Turns: 1428, Time: 00:05:48

Health: -3/25      AC:  2    Str: 13    XL:     5   Next: 27%
Magic:  0/9        EV: 20    Int: 14    God:
Gold:   82         SH:  0    Dex: 19    Spells: 2/8 levels left

rFire    . . .     SeeInvis .     - Unarmed
rCold    . . .     Gourm    .   (shield currently unavailable)
rNeg     . . .     Faith    .   (armour currently unavailable)
rPois    x         Spirit   +   (helmet currently unavailable)
rElec    .         Reflect  .   (cloak currently unavailable)
rCorr    .         Harm     .   (gloves currently unavailable)
MR       .....                  (boots currently unavailable)
Stlth    ++........             (no amulet)
HPRegen  0.48/turn              (no ring)
MPRegen  0.11/turn              (no ring)

@: spider-form, very slightly contaminated
A: tiny, regeneration 1, magic shield, no potion heal 3, rot immunity
a: End Transformation


You were on level 4 of the Dungeon.
You were not hungry.
You were a venomous arachnid creature.
You visited 1 branch of the dungeon, and saw 4 of its levels.

You collected 82 gold pieces.

Inventory:

Hand Weapons
 g - a +1 dagger of venom (melded)
Missiles
 a - 6 arrows
Armour
 b - a +0 robe (melded)
 s - a +0 cloak (melded)
Scrolls
 e - a scroll of noise {unknown}
 f - 2 scrolls of fog {unknown}
 h - a scroll of identify {unknown}
 i - a scroll of fear {unknown}
 j - 3 scrolls of blinking {unknown}
 k - a scroll of amnesia {unknown}
 m - a scroll of remove curse {unknown}
 n - a scroll of enchant weapon {unknown}
 r - a scroll of immolation {unknown}
Potions
 l - a potion of haste {unknown}
 p - 2 potions of heal wounds {unknown}
 q - a potion of lignification {unknown}
 t - a potion of curing {unknown}
Books
 c - a book of Changes

   Spells                             Type                      Level
   a - Beastly Appendage              Transmutation                1
   b - Sticks to Snakes               Transmutation                2
   c - Spider Form                    Transmutation/Poison         3
   d - Ice Form                       Ice/Transmutation            4
   e - Blade Hands                    Transmutation                5
Comestibles
 d - 3 rations
 o - a chunk of flesh


   Skills:
 - Level 0.8 Fighting
 + Level 2.1 Dodging
 + Level 3.4 Unarmed Combat
 - Level 2.2 Spellcasting
 + Level 4.5 Transmutations


You had 2 spell levels left.
You knew the following spells:

 Your Spells              Type           Power        Failure   Level  Hunger
a - Beastly Appendage     Tmut           ##....       12%         1    #......
b - Sticks to Snakes      Tmut           ##......     16%         2    ###....
c - Spider Form           Tmut/Pois      #.........   47%         3    ###....


Dungeon Overview and Level Annotations

Branches:
Dungeon (4/15)             Temple (0/1) D:4

Altars:

Annotations:
D:3 Jessica
D:4 Grinder


Innate Abilities, Weirdness & Mutations

((You have extremely sharp teeth.))
Your natural rate of healing is unusually fast.
When hurt, damage is shared between your health and your magic reserves.
((Your bite disrupts and absorbs the magic of your enemies.))
Potions cannot restore your health.
You are immune to rotting.


Message History

The worm bites you.
Casting: Spider Form (safe; 26% risk of failure)
Confirm with . or Enter, or press ? or * to list all spells.
You turn into a venomous arachnid creature.
Your +1 dagger of venom melds into your body.
Your +0 cloak melds into your body.
Your +0 robe melds into your body.
Your +1 dagger of venom stops dripping with poison.
Grinder blinks!
You hit Grinder.
Grinder is lightly wounded.
The worm barely misses you. Grinder hits you!
You hit Grinder.
Grinder is poisoned.
Grinder is moderately wounded.
Grinder hits you!
* * * LOW HITPOINT WARNING * * *
You writhe in agony.
* * * LOW HITPOINT WARNING * * *
The worm closely misses you. Grinder hits you.
You die...

....... ##. ## #.....##
#.. ..
##......##..#.#.#
#....§...........
##........#..#....
#.................
#†w.......##.#...>
#<5.......##......
#s...........#5...
#.................
#............#.#.#
#.................
#......[..#.......
######.##.#######......
#.........# #.....
#........## #...#
#........# ..##


You could see Grinder and a worm.

Vanquished Creatures
  Natasha (D:4)
  Terence (D:2)
  Robin (D:3)
  2 adders
  4 worms
  A dart slug (D:3)
  2 leopard geckos
  5 giant cockroaches
  11 goblins
  9 hobgoblins
  2 quokkas
  3 bats
  6 frilled lizards
  A kobold (D:1)
  A leopard gecko skeleton (D:4)
  4 rats
54 creatures vanquished.

Vanquished Creatures (collateral kills)
  2 kobolds (D:2)
2 creatures vanquished.

Grand Total: 56 creatures vanquished

Notes
Turn   | Place    | Note
-------+----------+-------------------------------------------
     0 | D:1      | nono the Vine Stalker Transmuter began the quest for the Orb.
     0 | D:1      | Reached XP level 1. HP: 9/9 MP: 4/4
    73 | D:1      | Reached XP level 2. HP: 12/14 MP: 3/6
    81 | D:1      | Learned a level 2 spell: Sticks to Snakes
   227 | D:2      | Reached skill level 3 in Transmutations
   254 | D:2      | Reached XP level 3. HP: 8/17 MP: 3/7
   265 | D:2      | Noticed Terence
   273 | D:2      | Killed Terence
   273 | D:2      | Reached skill level 4 in Transmutations
   947 | D:2      | Learned a level 3 spell: Spider Form
   957 | D:2      | Gained mutation: Your natural rate of healing is unusually fast. [Vine Stalker growth]
   957 | D:2      | Reached XP level 4. HP: 9/21 MP: 5/8
  1091 | D:3      | Noticed Robin
  1091 | D:3      | Noticed Jessica
  1236 | D:3      | Killed Robin
  1295 | D:4      | Noticed Natasha
  1300 | D:4      | Reached XP level 5. HP: 25/25 MP: 4/9
  1305 | D:4      | Killed Natasha
  1343 | D:4      | Noticed Grinder
  1344 | D:4      | Found a staircase to the Ecumenical Temple.
  1427 | D:4      | HP: 1/25 [Grinder (4)]
  1428 | D:4      | Slain by Grinder

Vault maps used:
D:1:      lightli_arrival_flooded_house
D:2:      first_ration, uniq_terence
D:3:      kennysheep_generic_room_10, uniq_ijyb, uniq_robin, uniq_jessica
D:4:      elyvilon_altar_5, minmay_temple_entry_glass, vehumet_altar_wand_db,
          uniq_natasha, uniq_grinder, uniq_edmund

Skill      XL: |  1  2  3  4 |
---------------+-------------+-----
Transmutations | 3 4 |  4.5
Dodging        | 2 |  2.1
Fighting       | |  0.8
Unarmed Combat | |  3.4
Spellcasting   | |  2.2

Action                   |  1- 3 |  4- 6 || total
-------------------------+-------+-------++-------
Melee: Unarmed           |    18 |    57 ||    75
       Bite              |    11 |     5 ||    16
       Kick              |     3 |       ||     3
       Dagger            |    43 |    25 ||    68
       Punch             |     1 |     1 ||     2
 Cast: Beastly Appendage |     5 |       ||     5
       Sticks to Snakes  |     6 |       ||     6
       Spider Form       |       |     8 ||     8
 Stab: Sleeping          |       |     1 ||     1
  Eat: Chunk             |       |     4 ||     4
Armor: Robe              |     7 |     3 ||    10
       Skin              |       |     1 ||     1
Dodge: Dodged            |    36 |    56 ||    92

Table legend:
 A = Spawn XP
 B = Non-spawn XP
 C = Spawn XP percentage of total XP
 D = Spawn monster count
 E = Non-spawn monster count
 F = Spawn count percentage of total count
 G = Total turns spent on level
                    A         B        C        D         E        F      G
               +---------+---------+-------+---------+---------+-------+---------
         Total |       0 |     207 |   0.0 |       0 |      56 |   0.0 |  1428
               +---------+---------+-------+---------+---------+-------+---------
           D:1 |       0 |      19 |   0.0 |       0 |      13 |   0.0 |   752
           D:2 |       0 |      84 |   0.0 |       0 |      22 |   0.0 |   384
           D:3 |       0 |      50 |   0.0 |       0 |      17 |   0.0 |   221
           D:4 |       0 |      54 |   0.0 |       0 |       4 |   0.0 |    71
               +---------+---------+-------+---------+---------+-------+---------
